 Dungeon Crawl Stone Soup version 0.29-a0-321-gf1c400731a (webtiles) character file.

Game seed: 1755834904911588242

113 GigaChad the Covert (level 4, 0/41 HPs)
             Began as a Gnoll Delver on Apr 5, 2022.
             Succumbed to an adder's poison
             ... on level 5 of the Dungeon.
             The game lasted 00:00:45 (143 turns).

GigaChad the Covert (Gnoll Delver)                   Turns: 143, Time: 00:00:45

Health: 0/41       AC:  3    Str: 11    XL:     4   Next: 96%
Magic:  4/5        EV: 13    Int: 10    God:
Gold:   4          SH:  0    Dex: 15    Spells: 5/5 levels left

rFire   . . .      SeeInvis .   a - +0 falchion
rCold   . . .      Faith    .   (no shield)
rNeg    . . .      Spirit   .   b - +0 leather armour
rPois   .          Reflect  .   (no helmet)
rElec   .          Harm     .   (no cloak)
rCorr   .          Rampage  .   (no gloves)
Will    .....                   (no boots)
Stlth   ++++......              (no amulet)
HPRegen 0.13/turn               (no ring)
MPRegen 0.09/turn               (no ring)

@: lethally poisoned (0 -> -1)
A: fangs 1, strong nose, distributed training
a: no special abilities


You were on level 5 of the Dungeon.
You visited 1 branch of the dungeon, and saw 1 of its levels.

You collected 4 gold pieces.

Inventory:

Hand Weapons
 a - a +0 falchion (weapon)
Armour
 b - a +0 leather armour (worn)
Wands
 g - a wand of digging (3)
Scrolls
 c - a scroll of fog
 d - a scroll of magic mapping
 e - a scroll of fear
 h - a scroll of blinking {unknown}
 i - a scroll of identify {unknown}
Potions
 f - a potion of haste


   Skills:
 + Level 6.6 Fighting
 + Level 1.3 Short Blades
 + Level 4.7 Long Blades
 + Level 1.3 Axes
 + Level 1.3 Maces & Flails
 + Level 1.3 Polearms
 + Level 1.3 Staves
 + Level 1.3 Slings
 + Level 1.3 Bows
 + Level 1.3 Crossbows
 + Level 1.3 Throwing
 + Level 1.3 Armour
 + Level 4.7 Dodging
 + Level 9.6 Stealth
 + Level 1.3 Shields
 + Level 1.3 Unarmed Combat
 + Level 1.3 Spellcasting
 + Level 1.0 Conjurations
 + Level 1.0 Hexes
 + Level 1.0 Summonings
 + Level 1.0 Necromancy
 + Level 1.0 Translocations
 + Level 1.0 Transmutations
 + Level 1.0 Fire Magic
 + Level 1.0 Ice Magic
 + Level 1.0 Air Magic
 + Level 1.0 Earth Magic
 + Level 1.0 Poison Magic
 + Level 1.4 Invocations
 + Level 1.3 Evocations


You had 5 spell levels left.
You didn't know any spells.
Your spell library was empty.

Dungeon Overview and Level Annotations

Branches:
Dungeon (5/15)
 Temple: D:4-7

Altars:


Innate Abilities, Weirdness & Mutations

You have very sharp teeth.
Your uncanny sense of smell can sniff out nearby items.
Your experience applies equally to all skills.


Message History

* * * LOW HITPOINT WARNING * * *
You closely miss the orc.
The orc is heavily wounded.
The orc hits you with a +4 hand axe.
* * * LOW HITPOINT WARNING * * *
The orc barely misses you.
You hit the orc but do no damage.
The orc is heavily wounded.
The orc closely misses you.
You hit the orc.
The orc is severely wounded.
The orc barely misses you.
You slash the orc!
You kill the orc!
The adder barely misses you.
You hit the adder. Your bite misses the adder.
The adder is lightly wounded.
The adder closely misses you.
You hit the adder. Your punch misses the adder.
The adder is heavily wounded.
The adder barely misses you.
You closely miss the adder.
The adder is heavily wounded.
The adder misses you. The adder barely misses you.
You barely miss the adder.
The adder is heavily wounded.
The adder bites you.
* * * LOW HITPOINT WARNING * * *
You are poisoned.
The adder poisons you!
You closely miss the adder. You bite the adder, but do no damage.
The adder is heavily wounded.
* * * LOW HITPOINT WARNING * * *
You feel sick. The adder barely misses you. The adder bites you.
* * * LOW HITPOINT WARNING * * *
You hit the adder.
The adder is severely wounded.
* * * LOW HITPOINT WARNING * * *
You feel sick. The adder misses you.
You die...

#.## ∆ #..# ## ∆ ##.# #.
#.# #. #.# ## #.# ##
######.#######
##...#######.....†......#
....{oS.@....####..####.#
.#...#######.# #..# ∆##
#.# #..# #.# #..# #.#
#..# #.# #..# ..> ....
.##


You could see an adder and an orc.

Vanquished Creatures
  A necrophage (D:5)
  An orc priest (D:5)
  2 adders (D:5)
  An orc (D:5)
5 creatures vanquished.

Notes
Turn   | Place    | Note
-------+----------+-------------------------------------------
     0 | D:5      | Reached skill level 9 in Stealth
     0 | D:5      | GigaChad the Gnoll Delver began the quest for the Orb.
     0 | D:5      | Reached XP level 1. HP: 23/23 MP: 1/1
    32 | D:5      | Reached XP level 2. HP: 29/29 MP: 2/2
    96 | D:5      | Noticed a necrophage
   112 | D:5      | Killed a necrophage
   113 | D:5      | Reached skill level 1 in Short Blades
   113 | D:5      | Reached skill level 1 in Axes
   113 | D:5      | Reached skill level 1 in Maces & Flails
   113 | D:5      | Reached skill level 1 in Polearms
   113 | D:5      | Reached skill level 1 in Staves
   113 | D:5      | Reached skill level 1 in Slings
   113 | D:5      | Reached skill level 1 in Bows
   113 | D:5      | Reached skill level 1 in Crossbows
   113 | D:5      | Reached skill level 1 in Throwing
   113 | D:5      | Reached skill level 1 in Armour
   113 | D:5      | Reached skill level 1 in Shields
   113 | D:5      | Reached skill level 1 in Unarmed Combat
   113 | D:5      | Reached skill level 1 in Spellcasting
   113 | D:5      | Reached skill level 1 in Invocations
   113 | D:5      | Reached skill level 1 in Evocations
   113 | D:5      | Reached XP level 3. HP: 20/35 MP: 2/4
   113 | D:5      | Reached XP level 4. HP: 23/41 MP: 2/5
   132 | D:5      | Reached skill level 1 in Conjurations
   132 | D:5      | Reached skill level 1 in Hexes
   132 | D:5      | Reached skill level 1 in Summonings
   132 | D:5      | Reached skill level 1 in Necromancy
   132 | D:5      | Reached skill level 1 in Translocations
   132 | D:5      | Reached skill level 1 in Transmutations
   132 | D:5      | Reached skill level 1 in Fire Magic
   132 | D:5      | Reached skill level 1 in Ice Magic
   132 | D:5      | Reached skill level 1 in Air Magic
   132 | D:5      | Reached skill level 1 in Earth Magic
   132 | D:5      | Reached skill level 1 in Poison Magic
   141 | D:5      | HP: 2/41 [adder (1)]
   143 | D:5      | Succumbed to an adder's poison

Illustrated notes

Levels and vault maps discovered:
D:5:      layout_loops_ring, biasface_ghost_orc_armoury, lemuel_flame_loot_1,
          uniq_eustachio, uniq_menkaure

Skill      XL: |  1  2  3  4 |
---------------+-------------+-----
Stealth        | |  9.6
Short Blades   | 1 |  1.3
Axes           | 1 |  1.3
Maces & Flails | 1 |  1.3
Polearms       | 1 |  1.3
Staves         | 1 |  1.3
Slings         | 1 |  1.3
Bows           | 1 |  1.3
Crossbows      | 1 |  1.3
Throwing       | 1 |  1.3
Armour         | 1 |  1.3
Shields        | 1 |  1.3
Unarmed Combat | 1 |  1.3
Spellcasting   | 1 |  1.3
Invocations    | 1 |  1.4
Evocations     | 1 |  1.3
Conjurations   | 1 |  1.0
Hexes          | 1 |  1.0
Summonings     | 1 |  1.0
Necromancy     | 1 |  1.0
Translocations | 1 |  1.0
Transmutations | 1 |  1.0
Fire Magic     | 1 |  1.0
Ice Magic      | 1 |  1.0
Air Magic      | 1 |  1.0
Earth Magic    | 1 |  1.0
Poison Magic   | 1 |  1.0
Fighting       | |  6.6
Long Blades    | |  4.7
Dodging        | |  4.7

Action                   |  1- 3 |  4- 6 || total
-------------------------+-------+-------++-------
Melee: Falchion          |    15 |    18 ||    33
       Bite              |     2 |     1 ||     3
       Punch             |     1 |       ||     1
 Stab: Sleeping          |     2 |     1 ||     3
Armor: Leather armour    |     1 |       ||     1
Dodge: Dodged            |     7 |    11 ||    18

Table legend: (Time is in decaauts)
 A = Elapsed time spent in this place.
 B = Non-inter-level travel time spent in this place.
 C = Inter-level travel time spent in this place.
 D = Time resting spent in this place.
 E = Time spent auto-exploring this place.
 F = Levels seen in this place.
 G = Mean time per level.
                   A        B        C        D        E       F      G
               +--------+--------+--------+--------+--------+-----+--------+
         Total |    145 |    144 |      1 |      0 |      0 |   1 |  145.0 |
       Dungeon |    145 |    144 |      1 |      0 |      0 |   1 |  145.0 |
               +--------+--------+--------+--------+--------+-----+--------+

Top non-repeatable levels by time:
     D:5: 145 daAuts
